 Dungeon Sprint DCSS version 0.23.1 (webtiles) character file.

Game seed: 9958100910999582106

0 nuthulu the Shield-Bearer (level 1, -2/14 HPs)
             Began as a Gargoyle Fighter on Mar 14, 2019.
             Was an Initiate of Qazlal.
             Slain by Sigmund
             ... wielding a +0 scythe
              (5 damage)
             ... in the Dungeon (Sprint VI: "Thunderdome").
             The game lasted 00:01:03 (149 turns).

nuthulu the Shield-Bearer (Gargoyle Fighter)         Turns: 149, Time: 00:01:04

Health: -2/14      AC:  9    Str: 27    XL:     1   Next: 60%
Magic:  10/10      EV:  7    Int:  8    God:    Qazlal [......]
Gold:   20         SH: 14    Dex: 12    Spells: 0/0 levels left

rFire    . . .     SeeInvis +   a - +0 flail
rCold    . . .     Gourm    .   c - +0 shield
rNeg     + . .     Faith    .   b - +0 scale mail
rPois    ∞         Spirit   .   (no helmet)
rElec    +         Reflect  +   (no cloak)
rCorr    .         Harm     .   (no gloves)
MR       ++...     NoTele   +   (no boots)
Stlth    ..........             p - amulet of Nudwage {Reflect MR+ SH+4}
HPRegen  0.04/turn              q - ring "Miuxujop" {MR+ Str+3 SInv}
MPRegen  0.12/turn              r - ring "Xosuontom" {MP+9 Dex+3 Stlth-}

@: mighty
A: negative energy resistance 1, electricity resistance, unbreathing,
petrification resistance, rot immunity, AC +2
a: Renounce Religion


You were in the Dungeon.
You worshipped Qazlal.
Qazlal was noncommittal.
You were not hungry.

You visited 1 branch You collected 200 gold pieces.
You spent 180 gold pieces at shops.

Inventory:

Hand Weapons
 a - a +0 flail (weapon)
Armour
 b - a +0 scale mail (worn)
 c - a +0 shield (worn)
Jewellery
 p - the amulet of Nudwage (around neck) {Reflect MR+ SH+4}
   (You bought it in a shop in the Dungeon)

   [amulet of reflection]

   It shields you and reflects attacks.
   It affects your resistance to hostile enchantments.
   It affects your SH (+4).
 q - the ring "Miuxujop" (left hand) {MR+ Str+3 SInv}
   (You bought it in a shop in the Dungeon)

   [ring of protection from magic]

   It affects your strength (+3).
   It affects your resistance to hostile enchantments.
   It lets you see invisible.
 r - the ring "Xosuontom" (right hand) {MP+9 Dex+3 Stlth-}
   (You bought it in a shop in the Dungeon)

   [ring of attention]

   It affects your dexterity (+3).
   It affects your magic capacity (+9).
   It makes you less stealthy.
Wands
 l - a wand of acid (5)
 m - a wand of iceblast (5)
Scrolls
 k - 4 scrolls of blinking
 n - 3 scrolls of fog
Potions
 e - a potion of curing
 g - 4 potions of heal wounds
 h - 4 potions of haste
 i - 2 potions of magic
 j - a potion of berserk rage
 o - a potion of resistance
Comestibles
 f - a ration


   Skills:
 - Level 3.2 Fighting
 + Level 3.0 Maces & Flails
 - Level 3.2 Armour
 + Level 4.1 Shields


You couldn't memorise any spells.
You didn't know any spells.
Your spell library was empty.

Dungeon Overview and Level Annotations

Branches:
Dungeon (1/1)

Altars:
Cheibriados
Dithmenos
Fedhas
Gozag
Kikubaaqudgha
Makhleb
Okawaru
Qazlal
Ru
Sif Muna
Trog
Uskayaw
Vehumet
Wu Jian
Xom
Yredelemnul
Zin
The Shining One
Beogh
Jiyva
Lugonu

Shops:
D *[%??*?*:[((!!!!

Annotations:
D Sigmund


Innate Abilities, Weirdness & Mutations

You are resistant to torment.
Your stone body is resilient. (AC +2)
You are immune to poison.
You resist negative energy. (rN+)
You are resistant to electric shocks. (rElec)
You can survive without breathing.
You are immune to petrification.
You are immune to rotting.


Message History

Sigmund is lightly wounded.
Sigmund closely misses you.
An iguana comes into view.
The iguana hisses angrily.
You hit Sigmund.
Sigmund is lightly wounded.
Sigmund barely misses you.
Your shield and scale mail prevent you from hitting Sigmund.
Sigmund is lightly wounded.
Sigmund closely misses you.
A frilled lizard comes into view.
You feel very mighty all of a sudden.
The frilled lizard hisses angrily.
Sigmund hits you with a +0 scythe!
Ouch! That really hurt!
* * * LOW HITPOINT WARNING * * *
Your shield prevents you from hitting Sigmund.
Sigmund is lightly wounded.
Sigmund hits you with a +0 scythe.
You die...

#∩.......∩# #_........#
#_........# #_......._#
###.........###
#⌠...........⌠#
######.8.........8.####
##∩__..@....###......___
###∩.....@.l8.# #.8.......
#.............###.........
#⌠..........###...###......
#⌠........l.# #.<.# #......
#⌠..........###...###......
##.............###.........
###∩........8.# #.8.......
##∩___......###......___
######.8.........8.####


You could see Sigmund, an iguana and a frilled lizard.

Vanquished Creatures
  A dart slug (D)
  A goblin (D)
2 creatures vanquished.

Notes
Turn   | Place    | Note
-------+----------+-------------------------------------------
     0 | D        | nuthulu the Gargoyle Fighter began the quest for the Orb.
     0 | D        | Reached XP level 1. HP: 14/14 MP: 1/1
     1 | D        | Found a glowing golden altar of the Shining One.
     1 | D        | Found an opulent altar of Gozag.
     4 | D        | Found a glowing silver altar of Zin.
     5 | D        | Found a roughly hewn altar of Beogh.
     5 | D        | Found a radiant altar of Vehumet.
     5 | D        | Round 1.
     6 | D        | Found a stormy altar of Qazlal.
     6 | D        | Found a burning altar of Makhleb.
     7 | D        | Found Ciudirec's Delicious Food.
     7 | D        | Found an ornate altar of the Wu Jian Council.
     7 | D        | Found a bloodstained altar of Trog.
     7 | D        | Found Kupan's Identification Station.
     8 | D        | Found Elomyvi's Jewellery.
     8 | D        | Found Nurokhau's Advanced Armour.
    16 | D        | Bought a clouded platinum amulet for 45 gold pieces
    16 | D        | Bought a wavering silver ring for 45 gold pieces
    16 | D        | Bought a translucent pewter ring for 45 gold pieces
    16 | D        | Identified the amulet of Nudwage {Reflect MR+ SH+4} (You
                  | bought it in a shop in the Dungeon)
    17 | D        | Identified the ring of Jiabb {Int+5 Dex-2 Stlth-} (You
                  | bought it in a shop in the Dungeon)
    18 | D        | Identified the ring "Xosuontom" {MP+9 Dex+3 Stlth-} (You
                  | bought it in a shop in the Dungeon)
    21 | D        | Bought a heavily runed granite ring for 45 gold pieces
    21 | D        | Identified the ring "Miuxujop" {MR+ Str+3 SInv} (You bought
                  | it in a shop in the Dungeon)
    24 | D        | Became a worshipper of Qazlal Stormbringer
    28 | D        | Found an ancient bone altar of Kikubaaqudgha.
    30 | D        | Found Qeitsa's Magic Scroll Shop.
    31 | D        | Found a sacrificial altar of Ru.
    31 | D        | Found Asut's Staff Store.
    31 | D        | Found Nemad's Magic Scroll Shop.
    31 | D        | Found Woisch's Must-Have Magic.
    35 | D        | Found a blossoming altar of Fedhas.
    36 | D        | Found an iron altar of Okawaru.
    37 | D        | Found a deep blue altar of Sif Muna.
    38 | D        | Found Zeitt's Distillery.
    38 | D        | Found a shadowy altar of Dithmenos.
    38 | D        | Found a shimmering altar of Xom.
    38 | D        | Found Noabb's Do-It-Yourself Clinic.
    39 | D        | Found Nafeisyl's Distillery.
    39 | D        | Found Piteex's Bottled Wisdom.
    48 | D        | Found a basalt altar of Yredelemnul.
    49 | D        | Found a viscous altar of Jiyva.
    50 | D        | Found Cegouwid's Weapon Rack.
    51 | D        | Found Wompoimp's Basic Armour.
    51 | D        | Found Ytze Zick's Miscellaneous Merchandise.
    52 | D        | Found a corrupted altar of Lugonu.
    52 | D        | Found a snail-covered altar of Cheibriados.
    52 | D        | Found a hide-covered altar of Uskayaw.
    52 | D        | Found Godghugg's Premium Goods.
    56 | D        | Reached skill level 4 in Shields
   133 | D        | Noticed Sigmund
   145 | D        | Noticed an iguana
   149 | D        | Slain by Sigmund

Skill      XL: |  1 |
---------------+----+-----
Maces & Flails | 3 |  3.0
Shields        | 4 |  4.1
Fighting       | |  3.2
Armour         | |  3.2

Action                   || total
-------------------------++-------
Melee: Flail             ||    17
  Use: Potion            ||     1
Armor: Scale mail        ||     3
Dodge: Dodged            ||     5
Block: Shield            ||     7
